Map: [G8] Babylon

Players

Solar

  • Race: Zerg Zerg
  • Spawn Location: 5:00

Cure - Winner!

  • Race: Terran Terran
  • Spawn Location: 11:00

Event: Gamers8 2023

VOD

Have the link to the VOD?

Description

Time

  • Played on: Aug. 6, 2023, 1:11 p.m.
  • Length: 22:17

All games in this series

Show
View Real Time Build Order
Export as new Build Order

Solar Zerg 

Build Orders: Hatch First, Lurkers 

Get SALT Encoding   

  12  0:00  Drone  
  13  0:12  Overlord  
  13  0:17  Drone  
  14  0:31  Drone x2  
  16  0:49  Hatchery  
  15  0:52  Drone  
  15  0:55  Drone  
  17  0:58  Drone  
  18  1:10  Extractor  
  17  1:13  Spawning Pool  
  17  1:17  Drone  
  17  1:20  Drone  
  18  1:28  Drone  
  19  1:39  Drone  
  20  1:52  Drone  
  21  2:00  Queen  
  21  2:01  Queen  
  23  2:02  Zergling x4  
  27  2:11  Overlord  
  27  2:12  Drone  
  28  2:22  Hatchery  
  27  2:25  Drone  
  28  2:30  Drone  
  28  2:35  Queen  
  31  2:41  Drone  
  31  2:44  Metabolic Boost  
  32  2:49  Overlord  
  32  2:53  Drone x2  
  32  2:56  Drone  
  35  2:59  Drone  
  36  3:09  Drone x2  
  36  3:11  Drone x3  
  41  3:15  Queen  
  43  3:21  Overlord  
  43  3:23  Drone  
  44  3:27  Overlord  
  44  3:33  Queen  
  46  3:36  Queen  
  46  3:38  Drone  
  46  3:39  Drone  
  50  3:45  Drone  
  50  3:46  Drone x3  
  55  3:48  Zergling x2  
  55  3:52  Overlord  
  55  3:57  Drone  
  55  3:58  Drone x3  
  55  4:02  Drone x2  
  61  4:06  Zergling x4  
  61  4:08  Drone  
  64  4:10  Queen  
  64  4:14  Queen  
  68  4:17  Overlord  
  68  4:19  Drone x2  
  68  4:21  Drone  
  68  4:22  Drone  
  72  4:25  Overlord  
  72  4:26  Drone  
  72  4:27  Drone  
  72  4:28  Overlord  
  74  4:34  Lair  
  74  4:35  Overlord  
  74  4:38  Spore Crawler  
  74  4:40  Spore Crawler, Drone  
  74  4:42  Drone  
  74  4:44  Drone x3  
  77  4:48  Queen  
  79  4:53  Spore Crawler  
  79  4:55  Extractor  
  79  4:56  Drone  
  79  4:57  Extractor, Baneling Nest  
  79  4:58  Zergling x6  
  79  4:59  Drone  
  80  5:00  Drone  
  80  5:02  Drone x2  
  80  5:07  Drone x4  
  87  5:11  Overlord  
  86  5:17  Drone x2  
  86  5:20  Evolution Chamber  
  87  5:22  Evolution Chamber  
  87  5:24  Extractor  
  87  5:25  Extractor  
  87  5:26  Hatchery  
  87  5:27  Drone  
  87  5:28  Zergling x4  
  86  5:29  Overlord  
  86  5:32  Overseer, Drone x3  
  86  5:34  Drone  
  90  5:36  Drone  
  90  5:37  Drone x2  
  90  5:40  Drone x2  
  93  5:43  Drone  
  93  5:47  Overlord  
  93  5:49  Drone  
  95  5:53  Centrifugal Hooks  
  95  5:55  Drone  
  96  5:58  Zerg Ground Armor Level 1  
  96  6:06  Zerg Melee Weapons Level 1  
  96  6:07  Zergling x8  
  96  6:09  Zergling x6  
  96  6:10  Overlord  
  105  6:11  Drone x2  
  105  6:16  Zergling x6  
  108  6:23  Zergling x4  
  108  6:24  Baneling x11  
  108  6:25  Baneling  
  110  6:27  Zergling x2  
  110  6:28  Zergling x6  
  114  6:33  Zergling x4  
  114  6:34  Zergling x2  
  114  6:37  Drone x2  
  119  6:40  Drone x2  
  119  6:41  Spore Crawler  
  120  6:50  Zergling x2  
  120  6:51  Zergling x12  
  127  6:57  Hatchery  
  127  6:58  Drone x3  
  127  6:59  Zergling x2  
  130  7:04  Infestation Pit, Baneling x3  
  130  7:05  Zergling x12  
  135  7:09  Zergling x2  
  135  7:12  Overlord x2  
  135  7:15  Baneling x4  
  136  7:17  Baneling x2  
  136  7:22  Overlord x2  
  135  7:26  Zergling x6  
  136  7:30  Overlord  
  136  7:31  Zergling x16  
  136  7:36  Baneling x2  
  143  7:37  Zergling x10  
  143  7:39  Drone x3  
  143  7:40  Overlord  
  143  7:41  Zergling x2  
  143  7:43  Hive  
  150  7:48  Zergling x8  
  150  7:50  Zergling x2  
  143  7:52  Baneling x9  
  143  7:54  Zerg Ground Armor Level 2  
  143  7:57  Zergling x12  
  149  8:02  Baneling x14  
  149  8:05  Baneling  
  149  8:06  Zergling x6  
  149  8:07  Zergling x4  
  149  8:08  Zergling x2  
  149  8:11  Extractor  
  154  8:13  Zergling x8  
  154  8:14  Zergling x2  
  154  8:18  Zergling x8  
  154  8:19  Zergling x4  
  163  8:24  Zergling x10  
  167  8:30  Zergling x6  
  155  8:39  Zergling x12  
  149  8:45  Drone x3  
  149  8:47  Baneling x6  
  149  8:48  Baneling x3  
  152  8:51  Drone x2  
  152  8:52  Hydralisk Den, Queen  
  152  8:53  Zergling x4  
  157  8:57  Viper  
  157  8:59  Adrenal Glands  
  160  9:03  Drone x2  
  160  9:04  Zergling x10  
  160  9:08  Zergling x2  
  166  9:13  Zergling x6  
  169  9:18  Pneumatized Carapace  
  169  9:22  Zergling x2  
  169  9:23  Zergling x16  
  172  9:25  Drone x2  
  172  9:27  Grooved Spines  
  172  9:28  Baneling x2  
  172  9:30  Overlord  
  173  9:31  Zergling x6  
  173  9:34  Drone x2  
  173  9:36  Overlord  
  173  9:37  Drone x2  
  177  9:48  Hydralisk x5  
  177  9:49  Zergling x8  
  177  9:51  Drone x2  
  177  9:52  Drone  
  189  9:55  Overlord  
  189  10:02  Spore Crawler, Overlord  
  189  10:03  Baneling x3  
  189  10:05  Viper  
  188  10:07  Zergling x6  
  188  10:09  Hydralisk  
  188  10:11  Overlord  
  189  10:15  Zergling x2  
  189  10:16  Zergling x14  
  189  10:20  Drone x2  
  199  10:21  Drone  
  199  10:24  Zerg Melee Weapons Level 2  
  199  10:27  Extractor, Zerg Missile Weapons Level 1  
  191  10:36  Zergling x16  
  191  10:39  Zergling x6  
  191  10:42  Baneling x13  
  198  10:47  Hydralisk x3  
  198  10:48  Zergling x4  
  194  10:52  Zergling x10  
  197  11:01  Zergling x8  
  198  11:06  Muscular Augments  
  198  11:07  Zergling x2  
  198  11:08  Hatchery  
  199  11:11  Zergling x4  
  199  11:17  Baneling x3  
  199  11:33  Lurker Den  
  199  11:35  Baneling  
  184  11:54  Hydralisk x2  
  184  11:56  Zergling x26  
  184  11:57  Zergling x4  
  184  11:58  Zergling x8  
  184  12:00  Zergling x4  
  200  12:06  Queen  
  200  12:07  Drone x7  
  189  12:08  Drone  
  189  12:09  Zergling x2  
  189  12:15  Baneling x7  
  190  12:22  Zergling x14  
  197  12:23  Baneling  
  197  12:24  Baneling x10  
  197  12:25  Overseer  
  197  12:34  Spore Crawler  
  197  12:35  Zerg Ground Armor Level 3  
  194  12:41  Hatchery  
  187  12:45  Drone x7  
  187  12:46  Zergling x10  
  198  12:52  Zergling x4  
  199  13:03  Overseer  
  199  13:04  Zerg Melee Weapons Level 3  
  199  13:19  Seismic Spines  
  199  13:23  Zergling x2  
  200  13:30  Hatchery  
  200  13:34  Overseer  
  199  13:41  Hatchery, Nydus Network  
  193  13:48  Zergling x2  
  193  13:49  Zergling x12  
  193  13:54  Zergling x2  
  193  13:55  Zergling x42  
  194  13:58  Zergling x2  
  191  14:03  Drone  
  191  14:04  Drone x2  
  191  14:05  Drone  
  191  14:06  Lurker x5  
  191  14:08  Baneling  
  191  14:09  Baneling x15  
  200  14:15  Hatchery, Baneling x11  
  200  14:16  Adaptive Talons  
  199  14:26  Hatchery  
  199  14:28  Nydus Canal  
  194  14:36  Queen  
  192  14:40  Hatchery  
  192  14:41  Zergling x2, Hydralisk x3  
  192  14:42  Zergling x4  
  196  14:53  Zergling x6  
  191  15:03  Zergling x42  
  191  15:06  Zergling x10  
  179  15:13  Drone  
  179  15:14  Drone x4  
  172  15:16  Zergling x6  
  172  15:20  Zergling x2  
  176  15:22  Lurker x5  
  176  15:23  Lurker x4  
  176  15:25  Baneling x5  
  185  15:29  Zergling x18  
  189  15:36  Zergling x4  
  189  15:37  Overseer x2  
  189  15:38  Overseer, Overlord  
  189  15:39  Nydus Canal  
  189  15:40  Zergling x8  
  194  15:47  Infestor  
  196  15:52  Hatchery  
  196  15:54  Baneling x3, Hydralisk x2  
  196  15:55  Zergling x2  
  200  15:59  Hydralisk  
  200  16:02  Nydus Canal, Hydralisk  
  199  16:10  Baneling x2  
  199  16:14  Zergling x6  
  199  16:17  Zergling x2  
  199  16:18  Zergling x6  
  200  16:19  Hydralisk  
  200  16:21  Nydus Canal  
  198  16:25  Zergling x6  
  198  16:31  Zergling x18  
  193  16:35  Viper x2  
  193  16:36  Zergling x2  
  193  16:37  Zergling x34  
  193  16:39  Baneling x5  
  192  16:43  Nydus Canal  
  192  16:45  Zergling x6  
  192  16:46  Zergling x2  
  192  16:49  Extractor x2, Drone x4  
  192  16:51  Hydralisk  
  192  16:52  Baneling x2  
  196  16:56  Zergling x6  
  196  17:00  Zergling x6  
  198  17:01  Zerg Missile Weapons Level 2  
  198  17:02  Zergling x4  
  199  17:11  Zergling x2  
  192  17:15  Zergling x12  
  192  17:16  Zergling x4  
  192  17:18  Zergling x14  
  192  17:19  Nydus Canal  
  192  17:21  Overseer  
  192  17:22  Hydralisk x2  
  194  17:25  Zergling x24  
  194  17:26  Zergling x2  
  194  17:29  Zergling x4  
  191  17:36  Baneling x5  
  187  17:37  Zergling x16  
  187  17:38  Baneling  
  187  17:39  Baneling x5, Zergling x2  
  187  17:42  Nydus Canal  
  196  17:45  Zergling x8  
  196  17:47  Baneling x7  
  200  17:59  Baneling x8  
  200  18:00  Baneling  
  200  18:01  Zergling x22  
  200  18:02  Zergling x4  
  194  18:05  Drone  
  194  18:06  Zergling x6, Drone  
  194  18:09  Zergling x2  
  200  18:13  Nydus Canal  
  200  18:16  Overseer  
  198  18:23  Zergling x40  
  198  18:26  Zergling x8  
  199  18:33  Baneling x5  
  199  18:34  Baneling x5  
  199  18:43  Zergling x10  
  199  18:48  Hydralisk x2  
  189  18:49  Zergling x16  
  189  18:51  Zergling x4  
  189  18:52  Zergling x4  
  189  18:53  Burrow  
  195  18:58  Zergling x14  
  195  19:00  Infestor  
  188  19:04  Zergling x2, Hydralisk x2  
  188  19:05  Zergling x2  
  188  19:07  Zergling x6  
  190  19:13  Zergling x12  
  190  19:14  Baneling x14, Nydus Canal  
  190  19:16  Overlord  
  196  19:18  Baneling x8  
  196  19:20  Zergling x4  
  198  19:29  Zergling x2  
  195  19:32  Zergling x4, Nydus Canal  
  195  19:35  Overseer  
  195  19:37  Zergling x4  
  199  19:48  Zergling x2  
  199  19:49  Zergling x2  
  199  19:50  Zergling x2  
  199  19:51  Zergling x4  
  196  19:53  Hydralisk  
  196  19:54  Zergling x2, Hydralisk x2  
  196  19:55  Zergling x4  
  196  19:56  Overlord x2  
  186  20:04  Zergling x42  
  186  20:07  Zergling x6  
  197  20:09  Overlord  
  197  20:10  Baneling x12  
  197  20:15  Zergling x4  
  197  20:16  Overseer  
  197  20:21  Extractor, Zergling x2  
  198  20:28  Baneling x3  
  199  20:31  Overseer  
  199  20:33  Extractor  
  182  20:45  Zergling x48  
  182  20:49  Hydralisk x3  
  168  20:58  Hydralisk  
  168  20:59  Zergling x12  
  168  21:03  Zergling x2  
  177  21:07  Baneling x3  
  177  21:08  Baneling  
  177  21:09  Zergling x14  
  177  21:11  Extractor  
  180  21:13  Extractor, Zergling x2  
  180  21:14  Baneling x2  
  180  21:16  Baneling  
  171  21:20  Zergling x12  
  147  21:26  Zergling x2  
  147  21:28  Hydralisk x2  
  147  21:29  Zergling x14  
  147  21:30  Zergling x4  
  147  21:31  Zergling x4  
  148  21:39  Zergling x12  
  134  21:41  Hydralisk x2  
  134  21:43  Zergling x2  
  125  21:48  Baneling x4, Zergling x2  
  125  21:51  Zergling x6  
  125  21:52  Hatchery, Baneling x4  
  128  21:55  Zergling x8  
  128  21:56  Zergling x6  
Show
View Real Time Build Order
Export as new Build Order

Cure Terran - Winner!

Build Orders: Reaper Expand, Hellion Banshee 

Get SALT Encoding   

  12  0:00  SCV  
  13  0:12  SCV  
  14  0:17  Supply Depot  
  14  0:24  SCV  
  15  0:38  SCV  
  15  0:40  Barracks  
  16  0:43  Refinery  
  16  0:50  SCV  
  17  1:02  SCV  
  18  1:15  SCV  
  19  1:27  Orbital Command, Reaper  
  20  1:38  Command Center  
  20  1:47  Supply Depot  
  20  1:53  SCV  
  21  1:59  Marine  
  22  2:05  SCV  
  23  2:10  Factory  
  23  2:17  SCV  
  23  2:21  Barracks Reactor  
  24  2:29  SCV  
  25  2:36  Command Center  
  25  2:41  SCV  
  26  2:50  Orbital Command  
  26  2:53  SCV  
  26  2:57  Starport  
  27  3:03  Refinery  
  28  3:05  SCV  
  28  3:12  Hellion x2  
  32  3:14  Barracks Tech Lab  
  32  3:17  SCV  
  32  3:19  SCV  
  34  3:29  SCV  
  34  3:31  SCV  
  36  3:37  Hellion x2  
  40  3:42  SCV  
  40  3:43  SCV  
  40  3:44  Marine, Banshee  
  46  3:49  Orbital Command  
  46  3:54  SCV  
  46  3:55  Cloaking Field, SCV  
  48  4:00  Supply Depot  
  48  4:07  Hellion x2  
  48  4:09  SCV x2  
  54  4:11  Barracks Tech Lab  
  54  4:15  Orbital Command  
  54  4:21  SCV x2  
  56  4:26  Banshee, Supply Depot  
  56  4:30  Hellion x2  
  63  4:31  Marine  
  63  4:35  SCV x2, Stimpack  
  66  4:42  SCV  
  67  4:47  SCV x2  
  67  4:48  Supply Depot  
  67  4:49  Marine  
  70  4:58  Barracks, Factory Reactor  
  70  5:00  Refinery, SCV x3  
  70  5:01  Barracks, Refinery  
  73  5:07  Marine  
  73  5:12  SCV x3  
  77  5:18  Engineering Bay  
  77  5:20  Engineering Bay  
  77  5:21  Supply Depot x2  
  77  5:24  SCV x2  
  77  5:25  Marine  
  80  5:31  Barracks  
  80  5:32  Barracks, SCV  
  80  5:35  Starport Reactor  
  81  5:36  SCV  
  81  5:39  SCV  
  83  5:44  Marine, SCV  
  83  5:46  Terran Infantry Armor Level 1, Terran Infantry Weapons Level 1  
  83  5:48  SCV  
  86  5:51  Supply Depot  
  86  5:54  SCV  
  86  5:56  SCV  
  88  5:57  Supply Depot  
  88  5:59  Marine x4  
  88  6:00  SCV  
  88  6:01  Marine  
  88  6:02  Siege Tank  
  97  6:06  Armory  
  97  6:08  SCV x2  
  99  6:12  Medivac  
  99  6:13  Medivac, SCV  
  99  6:14  Supply Depot  
  99  6:17  Barracks Reactor  
  99  6:18  Supply Depot  
  104  6:19  Barracks Reactor  
  104  6:24  Marine x5  
  109  6:29  Combat Shield  
  109  6:31  SCV  
  109  6:32  SCV x2  
  112  6:33  Refinery  
  112  6:34  Refinery  
  112  6:39  Siege Tank  
  115  6:41  Supply Depot  
  115  6:44  Marine x5  
  120  6:50  SCV x3  
  120  6:53  Supply Depot  
  123  7:01  Marine x4  
  123  7:02  Marine x3  
  123  7:04  Marine x2  
  132  7:12  Siege Tank  
  135  7:17  Medivac x2  
  135  7:19  Marine x4  
  135  7:20  Marine x3  
  135  7:21  Marine  
  135  7:22  Marine  
  148  7:25  Supply Depot x2  
  148  7:37  SCV  
  148  7:39  Command Center  
  148  7:44  SCV x2  
  147  7:45  Factory  
  147  7:49  Marine x2  
  147  7:50  Marine x4  
  140  7:52  Siege Tank, Marine x3  
  140  7:57  Medivac x2  
  150  8:04  Terran Infantry Weapons Level 2  
  150  8:06  Terran Infantry Armor Level 2  
  150  8:07  Marine x5  
  150  8:09  Terran Vehicle Weapons Level 1  
  155  8:14  SCV x3  
  158  8:21  Marine x4  
  158  8:25  Marine x3  
  165  8:27  Supply Depot  
  165  8:32  Marine  
  145  8:41  Marine x5  
  145  8:42  Siege Tank, Factory Tech Lab  
  145  8:43  Marine x3  
  156  8:52  SCV  
  156  8:53  SCV x2  
  156  8:54  Barracks x2  
  159  8:56  Medivac x2, Barracks  
  163  9:05  SCV x3  
  163  9:14  Siege Tank, Planetary Fortress  
  163  9:17  SCV x3  
  167  9:19  Siege Tank  
  167  9:24  Marine x8  
  172  9:29  Marine  
  179  9:35  Medivac x2  
  183  9:41  Marine x2  
  183  9:42  Marine x3  
  188  9:51  Barracks Tech Lab x2  
  188  9:52  Barracks Tech Lab  
  188  9:56  Command Center  
  188  10:07  Marine x3  
  188  10:09  Marine  
  188  10:10  Marine  
  188  10:11  Marine x4  
  188  10:12  Marauder x2, Marine  
  188  10:13  Sensor Tower, Supply Depot  
  188  10:14  Siege Tank  
  196  10:26  Concussive Shells, Terran Infantry Armor Level 3, Terran Infantry Weapons Level 3  
  196  10:30  Terran Vehicle Weapons Level 2  
  196  10:34  Marauder, Marine x2  
  200  10:37  Marine  
  200  10:38  Marine  
  200  10:48  Marine x2  
  200  10:49  Marine x2  
  200  10:50  Marine  
  200  11:02  Ghost Academy  
  200  11:03  Marauder, Command Center  
  199  11:07  Command Center  
  199  11:18  Marine  
  200  11:43  Sensor Tower  
  200  11:52  Marauder, Medivac  
  200  11:53  Medivac  
  200  11:54  Siege Tank, Marauder, Marine x3  
  156  12:09  Marauder x2, Marine x5  
  156  12:10  Siege Tank  
  156  12:12  Marine x3  
  156  12:13  Marauder  
  164  12:16  Marauder, Planetary Fortress  
  164  12:19  Orbital Command  
  164  12:20  Orbital Command  
  164  12:22  Medivac  
  168  12:23  Medivac  
  168  12:26  Siege Tank  
  168  12:27  Marine x5  
  168  12:29  Marine, Personal Cloaking  
  178  12:31  Marauder x2  
  178  12:35  Marauder  
  185  12:42  Siege Tank  
  185  12:43  Command Center  
  185  12:44  Command Center, Ghost  
  181  12:45  Factory, Refinery  
  181  12:46  Marine x6  
  183  12:51  Ghost  
  183  12:52  Viking  
  183  12:53  Viking  
  183  12:58  Siege Tank  
  191  13:01  SCV x2  
  191  13:02  SCV x2  
  191  13:03  Refinery  
  194  13:07  Refinery x2, Neosteel Armor  
  194  13:08  Hi-Sec Auto Tracking  
  194  13:10  Terran Vehicle Weapons Level 3  
  194  13:13  Sensor Tower  
  194  13:14  Ghost x2  
  194  13:19  Marine x2  
  200  13:32  Factory Tech Lab  
  200  13:34  Missile Turret  
  200  13:37  Factory, Missile Turret  
  200  13:38  Factory  
  200  13:41  Orbital Command  
  200  13:50  Command Center  
  169  14:02  Ghost  
  169  14:03  Marine x2, Ghost x2  
  169  14:05  Missile Turret x2  
  169  14:06  Siege Tank  
  169  14:07  Orbital Command  
  180  14:12  SCV x2  
  180  14:16  SCV x2  
  184  14:25  Siege Tank  
  184  14:26  Factory Tech Lab  
  184  14:27  Factory Reactor  
  184  14:28  Factory Reactor, Infernal Pre-Igniter  
  180  14:41  Ghost x3  
  186  14:47  Ghost  
  188  14:53  Marine x6  
  188  14:54  Marine x2  
  188  14:57  Orbital Command  
  145  15:09  Medivac x2  
  145  15:10  Marauder x3  
  145  15:11  Marine x4  
  145  15:16  Marauder, Orbital Command  
  147  15:22  Siege Tank  
  147  15:25  SCV  
  147  15:26  SCV x3  
  147  15:27  SCV x2  
  156  15:31  Marauder  
  158  15:36  Siege Tank  
  158  15:37  Siege Tank  
  158  15:38  Hellbat x3  
  170  15:44  Hellbat  
  170  15:45  SCV  
  170  15:46  SCV x2  
  170  15:47  Terran Vehicle And Ship Armor Level 1  
  175  15:51  Missile Turret  
  175  15:54  Hellbat, Ghost x2  
  181  15:59  Hellbat x3  
  187  16:12  Siege Tank  
  187  16:24  Siege Tank x2  
  180  16:39  Hellbat x4  
  174  16:44  Siege Tank  
  177  16:48  SCV x6  
  183  16:56  Siege Tank x2  
  183  17:00  Hellbat  
  190  17:02  Medivac x2  
  190  17:05  Marine x4  
  198  17:09  SCV x2  
  198  17:14  Command Center  
  194  17:16  Siege Tank  
  182  17:29  SCV x3  
  170  17:32  Medivac  
  170  17:34  Siege Tank x2, Hellbat x3  
  184  17:39  Hellbat  
  186  17:46  Orbital Command  
  186  17:48  Siege Tank  
  188  17:52  Missile Turret  
  188  17:54  Missile Turret  
  188  17:56  SCV x3  
  188  17:57  SCV x3  
  194  18:00  Orbital Command  
  188  18:06  Siege Tank  
  188  18:08  Siege Tank  
  188  18:17  Missile Turret  
  188  18:18  SCV  
  188  18:19  SCV  
  190  18:20  Siege Tank, Marine x2  
  190  18:21  Marauder x2  
  198  18:32  Marine x2  
  195  18:52  Siege Tank  
  195  18:53  Siege Tank x2  
  195  18:54  Orbital Command  
  199  18:59  Marine x4, Ghost x2  
  199  19:00  Marauder x2, Marine x2  
  199  19:01  Hellbat x3  
  195  19:09  Hellbat  
  197  19:21  Marauder, Ghost  
  200  19:37  Orbital Command  
  200  19:46  Missile Turret  
  200  19:48  Missile Turret, Orbital Command  
  197  19:56  Siege Tank x2, Hellbat  
  197  19:59  Marine x2, Ghost x2  
  187  20:00  Marauder x2, Marine x2  
  179  20:20  Siege Tank  
  179  20:21  Hellbat x2  
  186  20:25  Ghost  
  186  20:28  Siege Tank x2, Refinery  
  194  20:29  Refinery  
  194  20:33  Marine x4  
  191  20:49  Marine x5, Ghost x2  
  175  20:51  Marine x3  
  175  20:52  Siege Tank  
  175  20:56  Hellbat x2  
  180  21:04  Siege Tank  
  183  21:11  Marine x3, Ghost  
  182  21:12  Marine  
  182  21:14  Hellbat x2  
  177  21:32  Marine x2, Ghost  
  164  21:33  Marauder, Marine x2  
  164  21:34  Siege Tank, Hellbat  
  164  21:35  Hellbat  
  164  21:36  Hellbat  
  169  21:41  Siege Tank  
  169  21:42  Hellbat  
  168  21:51  Missile Turret  
  168  21:56  Hellbat x2  
Tags
 
Add a new tag
Caveats
  • Supply blocks, unpowered buildings, or Contaminate may cause inaccurate times.
  • Supply counts are checked every 10 seconds.